 Dungeon Crawl Stone Soup version 0.31-a0-1074-g0b22e4e0f1 (webtiles) character file.

Game seed: 7882194815025863242

9452 Unknown108 the Cleaver (level 11, -6/151 HPs)
             Began as a Minotaur Berserker on Dec 4, 2023.
             Was a High Priest of Trog.
             Mangled by a blink frog (12 damage)
             ... on level 1 of the Lair of Beasts.
             The game lasted 01:09:57 (8661 turns).

Unknown108 the Cleaver (Minotaur Berserker)         Turns: 8661, Time: 01:09:59

Health: -6/151     AC: 17    Str: 27    XL:     11   Next: 23%
Magic:  19/19      EV: 10    Int:  4    God:    Trog [*****.]
Gold:   441        SH:  0    Dex:  9    Spells: 10/10 levels left

rFire   . . .        M - +6 battleaxe
rCold   . . .        (shield currently unavailable)
rNeg    . . .        m - +0 plate armour
rPois   .            (helmet restricted)
rElec   .            s - +0 cloak
rCorr   .            j - +0 pair of gloves
SInv    .            (no boots)
Will    .....        (no amulet) Stlth
                     b - ring of magical power
HPRegen 0.45/turn    (no ring)
MPRegen 0.16/turn

%: no passive effects
@: berserking, lethally poisoned (-6 -> -28), slowed
A: horns 2, retaliatory headbutt
a: Renounce Religion, Berserk, Trog's Hand, Brothers in Arms


You were on level 1 of the Lair of Beasts.
You worshipped Trog.
Trog was extremely pleased with you.
You visited 3 branches of the dungeon, and saw 12 of its levels.

You collected 441 gold pieces.

Inventory:

Hand Weapons
 e - a +0 flail of protection
 g - a +0 whip of draining
 h - a +1 mace of protection
 r - a +4 quarterstaff of chaos
 t - a +0 hammer
 x - a +3 dagger
 y - a +2 flail of pain
 z - a +0 arbalest
 B - a +1 dagger of electrocution
 F - a +2 vampiric whip
 H - a +0 war axe of draining
 L - a +3 great sword
 M - a +6 battleaxe (weapon)
 N - a +2 whip of freezing
 P - a +0 dagger of holy wrath
 T - a +3 trident of draining
 W - a +0 dagger of speed
 X - a +2 dagger of venom
Missiles
 f - 54 stones
 k - a curare-tipped dart
 w - 2 darts of dispersal
 R - 11 poisoned darts
Armour
 i - the +1 robe of the True Pharaoh {rPois Int+3}
   (You found it on level 3 of the Dungeon)

   Int+3:     It affects your intelligence (+3).
   rPois:     It protects you from poison
 j - a +0 pair of gloves (worn)
 m - a +0 plate armour (worn)
 n - a +0 chain mail
 p - a +0 leather armour of fire resistance
 s - a +0 cloak (worn)
 I - +0 steam dragon scales
 S - a +0 cloak
 V - a +1 robe of positive energy
Jewellery
 b - a ring of magical power (left hand)
Wands
 l - a wand of acid (9)
 C - a wand of flame (29)
 E - a wand of paralysis (10)
 G - a wand of polymorph (13)
Scrolls
 a - a scroll of enchant armour {unknown}
 o - a scroll of silence
 q - a scroll of noise
 v - 2 scrolls of immolation
 D - a scroll of poison {unknown}
 J - a scroll of fog
 Y - a scroll of acquirement {unknown}
Potions
 c - 2 potions of enlightenment
 d - a potion of attraction
 A - a potion of lignification {unknown}
 K - a potion of degeneration {unknown}
 O - a potion of heal wounds {unknown}
 Q - a potion of haste {unknown}
 U - a potion of resistance {unknown}


   Skills:
 + Level 10.6 Fighting
 * Level 14.3 Axes
 + Level 10.3 Armour
 + Level 9.4 Dodging


You had 10 spell levels left.
You didn't know any spells.
Your spell library was empty.

Dungeon Overview and Level Annotations

Branches:
Dungeon (10/15)            Temple (1/1) D:4            Lair (1/5) D:9
    Orc: D:9-12

Altars:
Ashenzari
Cheibriados
Dithmenos
Elyvilon
Fedhas
Gozag
Hepliaklqana
Kikubaaqudgha
Makhleb
Nemelex Xobeh
Okawaru
Qazlal
Ru
Sif Muna
Trog
Uskayaw
Vehumet
Wu Jian
Xom
Yredelemnul
Zin
The Shining One

Shops:
D:1 :   D:5 :

Annotations:
D:9 Gastronok


Innate Abilities, Weirdness & Mutations

You have a pair of horns on your head.
You reflexively headbutt those who attack you in melee.


Message History

You kill the yak!
Trog accepts your kill.
You hear a loud, deep croak!
You hear a croak.
You closely miss the blink frog. Your headbutt misses the blink frog.
The blink frog barely misses you.
You slice the blink frog!! Your headbutt misses the blink frog.
The blink frog is severely wounded.
The blink frog hits you. The blink frog hits you!
The blink frog closely misses you.
A torpor snail comes into view.
Being near the torpor snail leaves you feeling lethargic.
You slice the blink frog!!
You kill the blink frog!
Trog accepts your kill.
You slash the blink frog!
The blink frog hits you but does no damage. x2
You slash the blink frog! Your headbutt misses the blink frog.
The blink frog is heavily wounded.
The blink frog hits you!
The blink frog blinks!
The cane toad stings you!
You are poisoned.
The cane toad poisons you!
You slash the cane toad! You headbutt the cane toad.
The cane toad is moderately wounded.
You feel yourself speed up.
You feel extremely sick. The cane toad stings you!
* * * LOW HITPOINT WARNING * * *
You are lethally poisoned!
The cane toad poisons you! The blink frog hits you!
* * * LOW HITPOINT WARNING * * *
The cane toad stings you!
* * * LOW HITPOINT WARNING * * *
Being near the torpor snail leaves you feeling lethargic.
It was a potion of berserk rage.
A red film seems to cover your vision as you go berserk!
You feel yourself moving faster!
You feel mighty!
* * * LOW HITPOINT WARNING * * *
You feel extremely sick. The blink frog hits you!
You die...

...#...........##.....P
..........#....##......
. ..#......#....#.......
.. .............#.......
... #...w..#...........#
...#......#....########
...........#....########
....#.##.###............
./....F@F...............
......††................
........................
.................######.
.................# ##
#....####.#.......+
..... ###......#P. .....
#......##.


You could see a torpor snail, a cane toad and a blink frog.

Vanquished Creatures
  Pikel (D:6)
  2 cane toads (Lair:1)
  Jeremiah (D:8)
  Maggie (D:6)
  A hornet (D:9)
  A troll (D:9)
  Prince Ribbit (D:5)
  A blink frog (Lair:1)
  12 yaks
  2 wyverns
  2 steam dragons
  2 wargs (D:9)
  Edmund (D:5)
  5 water moccasins
  Duvessa (D:5)
  2 black bears
  3 orc warriors
  3 ice beasts
  2 sky beasts
  An ogre (D:3)
  2 phantoms (D:5)
  3 kobold brigands
  5 bullfrogs
  5 scorpions
  5 wights (D:6)
  Dowan (D:5)
  7 killer bees
  4 howler monkeys
  4 hounds
  5 orc priests
  Crazy Yiuf (D:2)
  4 iguanas
  4 sleepcaps
  Ijyb (D:5)
  6 orc wizards
  Robin (D:4)
  11 adders
  4 gnolls (D:5)
  A white imp (D:5)
  A worm (D:2)
  4 dart slugs
  18 orcs
  4 endoplasms
  5 giant cockroaches
  11 goblins
  10 hobgoblins
  6 jackals (D:2)
  3 quokkas
  3 ball pythons
  4 bats
  3 frilled lizards
  18 kobolds
  6 rats
215 creatures vanquished.

Notes
Turn   | Place    | Note
-------+----------+-------------------------------------------
     0 | D:1      | Unknown108 the Minotaur Berserker began the quest for the
                  | Orb.
     0 | D:1      | Reached XP level 1. HP: 19/19 MP: 0/0
   183 | D:1      | Reached XP level 2. HP: 27/27 MP: 1/1
   183 | D:1      | Found Ullepim's Book Shop.
   331 | D:1      | Reached skill level 4 in Axes
   942 | D:2      | Found a faded altar of an unknown god.
  1050 | D:2      | Reached XP level 3. HP: 29/33 MP: 2/2
  1519 | D:2      | Found a runed translucent door.
  1520 | D:2      | Noticed Crazy Yiuf
  1555 | D:2      | Reached ** piety under Trog
  1601 | D:2      | Killed Crazy Yiuf
  1602 | D:2      | Reached XP level 4. HP: 40/40 MP: 3/3
  1680 | D:3      | Noticed an ogre
  1688 | D:3      | Killed an ogre
  1689 | D:3      | Reached skill level 5 in Axes
  1689 | D:3      | Reached XP level 5. HP: 47/47 MP: 4/4
  1764 | D:3      | Reached skill level 10 in Axes
  1764 | D:3      | Reached XP level 6. HP: 61/61 MP: 5/5
  1942 | D:3      | Identified the +1 robe of the True Pharaoh {rPois Int+3}
  2303 | D:4      | Found a shimmering blue altar of Sif Muna.
  2334 | D:4      | Reached XP level 7. HP: 62/68 MP: 6/6
  2372 | D:4      | Noticed Robin
  2386 | D:4      | Killed Robin
  2388 | D:4      | Reached *** piety under Trog
  2493 | D:4      | Found a staircase to the Ecumenical Temple.
  2499 | Temple   | Entered the Ecumenical Temple
  2717 | D:4      | Reached skill level 11 in Axes
  2782 | D:4      | Found an ornate altar of the Wu Jian Council.
  3045 | D:5      | Entered Level 5 of the Dungeon
  3184 | D:5      | Noticed Edmund
  3199 | D:5      | Killed Edmund
  3200 | D:5      | Reached XP level 8. HP: 75/75 MP: 7/7
  3249 | D:5      | Noticed Prince Ribbit
  3310 | D:5      | Noticed Duvessa
  3311 | D:5      | Noticed Dowan
  3330 | D:5      | Killed Duvessa
  3337 | D:5      | Killed Dowan
  3480 | D:5      | Noticed Ijyb
  3484 | D:5      | Killed Ijyb
  3636 | D:5      | Found Eshuw's Tremendous Tomes.
  3808 | D:6      | Noticed Maggie
  3893 | D:6      | Reached **** piety under Trog
  3909 | D:6      | Killed Maggie
  3910 | D:6      | Reached XP level 9. HP: 78/82 MP: 8/8
  3943 | D:6      | Noticed Pikel
  4041 | D:5      | Killed Prince Ribbit
  4118 | D:5      | Reached skill level 12 in Axes
  4869 | D:6      | Killed Pikel
  4870 | D:6      | Reached XP level 10. HP: 67/90 MP: 9/9
  5609 | D:7      | Reached skill level 13 in Axes
  6006 | D:7      | Found a radiant altar of Vehumet.
  6272 | D:8      | Noticed Jeremiah
  6314 | D:8      | Killed Jeremiah
  7210 | D:9      | Paralysed by a hornet for 1 turns
  7212 | D:9      | Reached skill level 10 in Fighting
  7215 | D:9      | Paralysed by a hornet for 3 turns
  7582 | D:9      | Found a staircase to the Lair.
  7589 | D:9      | Reached ***** piety under Trog
  7854 | D:9      | Found an iron altar of Okawaru.
  7855 | D:9      | Found a basalt altar of Yredelemnul.
  7855 | D:9      | Found a shadowy altar of Dithmenos.
  7864 | D:9      | Found a shimmering altar of Xom.
  7901 | D:9      | Paralysed by a hornet for 2 turns
  8186 | D:9      | Noticed Gastronok
  8219 | D:10     | Entered Level 10 of the Dungeon
  8402 | D:10     | Reached skill level 10 in Armour
  8405 | D:10     | Reached XP level 11. HP: 71/101 MP: 10/10
  8528 | Lair:1   | Entered Level 1 of the Lair of Beasts
  8537 | Lair:1   | Reached skill level 14 in Axes
  8661 | Lair:1   | HP: 6/151 [poisoned by a cane toad]
  8661 | Lair:1   | Mangled by a blink frog

Illustrated notes

Levels and vault maps discovered:
D:1:      dpeg_arrival_oval, layout_basic, serial_rivers,
          chequers_serial_rivers_micro_c, chequers_serial_rivers_micro_a,
          chequers_serial_rivers_micro_a, chequers_serial_rivers_micro_e,
          chequers_serial_rivers_micro_a, chequers_serial_rivers_small_b,
          serial_shops, shop, minmay_misc_feat_plants
D:2:      layout_basic, hellmonk_ecumenical_altar_crossroads,
          uniq_crazy_yiuf_cottage
D:3:      layout_rooms
D:4:      layout_loops_ring, nzn_wu_jian_contemplation,
          nicolae_overflow_hidden_temple, minmay_temple_entry_fiery,
          st_stairs_5, uniq_robin
D:5:      layout_loops_ring, chequers_serial_rivers_large_a,
          nicolae_shop_i_like_big_books, uniq_duvessa, uniq_edmund,
          uniq_prince_ribbit1, uniq_ijyb
D:6:      layout_cave_pools, uniq_maggie, uniq_pikel
D:7:      layout_loops_cross, mainiacjoe_overflow_paths,
          mrwooster_statue_mirror, st_stairs_10
D:8:      layout_basic, uniq_jeremiah
D:9:      layout_cave_pools, nicolae_overflow_quartered_altars,
          erik_lair_orcish_takeover, serial_glass, glass_columns_c,
          glass_columns_c, uniq_gastronok
D:10:     layout_irregular_city, nicolae_wwwww, kennysheep_boxes
Temple:   regret_index_temple_waves
Lair:1:   layout_regular_city, small_statue_intersection, minivault_25,
          kennysheep_abandoned_house

Skill      XL: |  1  2  3  4  5  6  7  8  9 10 11 |
---------------+----------------------------------+-----
Axes           | 4 5 10 11 12 13 14 | 14.3
Fighting       | 4 7 8 9 10 | 10.6
Armour         | 3 7 8 9 10 | 10.3
Dodging        | 3 6 7 8 9 |  9.4

Action                     |  1- 3 |  4- 6 |  7- 9 | 10-12 || total
---------------------------+-------+-------+-------+-------++-------
  Melee: Hand axe          |    91 |    46 |       |       ||   137
         Headbutt          |    13 |    13 |    34 |    23 ||    83
         Mace              |       |    29 |   139 |       ||   168
         Punch             |       |       |     2 |       ||     2
         Unarmed           |       |       |    14 |       ||    14
         War axe           |       |       |    56 |       ||    56
         Battleaxe         |       |       |    15 |   185 ||   200
 Invoke: Berserk           |       |     1 |     3 |       ||     4
    Use: Scroll            |       |     8 |     6 |    10 ||    24
         Potion            |       |     2 |       |     4 ||     6
 Armour: Animal skin       |     3 |       |       |       ||     3
         Leather armour    |    30 |       |     1 |       ||    31
         Chain mail        |    14 |    47 |   155 |    93 ||   309
         Skin              |       |       |     1 |       ||     1
         Plate armour      |       |       |       |    68 ||    68
         Robe              |       |       |       |    22 ||    22
  Dodge: Dodged            |    52 |    31 |   113 |    85 ||   281

Table legend: (Time is in decaauts)
 A = Elapsed time spent in this place.
 B = Non-inter-level travel time spent in this place.
 C = Inter-level travel time spent in this place.
 D = Time resting spent in this place.
 E = Time spent auto-exploring this place.
 F = Levels seen in this place.
 G = Mean time per level.
                   A        B        C        D        E       F      G
               +--------+--------+--------+--------+--------+-----+--------+
         Total |   8719 |   8116 |    603 |   1524 |   4864 |  12 |  726.6 |
       Dungeon |   8547 |   7980 |    567 |   1524 |   4783 |  10 |  854.7 |
        Temple |     37 |      1 |     36 |      0 |      0 |   1 |   37.0 |
          Lair |    133 |    133 |      0 |      0 |     81 |   1 |  133.0 |
               +--------+--------+--------+--------+--------+-----+--------+

Top non-repeatable levels by time:
     D:5: 1433 daAuts
     D:8: 1177 daAuts
     D:7: 935 daAuts
     D:9: 909 daAuts
     D:4: 903 daAuts
     D:1: 879 daAuts
     D:6: 782 daAuts
     D:2: 766 daAuts
     D:3: 475 daAuts
    D:10: 284 daAuts
  Lair:1: 133 daAuts
  Temple: 37 daAuts
